 Dungeon Crawl Stone Soup version 0.31-b1-17-gcfd88c8481 (webtiles) character file.

Game seed: 12366754612891145603

9533 Arctor the Nimble (level 11, -7/84 HPs)
             Began as a Gnoll Hexslinger on Jan 15, 2024.
             Was a High Priest of Okawaru.
             Mangled by a two-headed ogre
             ... wielding a +0 giant spiked club
              (20 damage)
             ... on level 11 of the Dungeon.
             The game lasted 00:25:28 (12927 turns).

Arctor the Nimble (Gnoll Hexslinger)               Turns: 12927, Time: 00:25:29

Health: -7/84      AC: 16    Str: 12    XL:     11   Next: 48%
Magic:  19/21      EV: 16    Int: 12    God:    Okawaru [*****.]
Gold:   2633       SH:  0    Dex: 17    Spells: 2/24 levels left

rFire   x . .        v - +4 longbow of Tumult {elec, rElec Will+}
rCold   . . .        (shield currently unavailable)
rNeg    . . .        w - +0 steam dragon scales
rPois   .            f - +0 helmet
rElec   +            (no cloak)
rCorr   .            y - +2 pair of gloves "Ixoh" {Will+}
SInv    .            k - +0 pair of boots
Will    ++...        s - amulet of faith
Stlth   +++          e - +4 ring of protection
HPRegen 0.34/turn    H - ring of wizardry
MPRegen 0.17/turn

%: faith, wizardry (x1)
@: swift, about to teleport, slowed, slow
A: fangs 1, strong nose, distributed training, strong 1, heat vulnerability 1
a: Renounce Religion, Heroism, Finesse, Duel


You were on level 11 of the Dungeon.
You worshipped Okawaru.
Okawaru was extremely pleased with you.
You visited 2 branches of the dungeon, and saw 12 of its levels.

You collected 2723 gold pieces.
You spent 90 gold pieces at shops.

Inventory:

Hand Weapons
 a - a +1 sling
 v - the +4 longbow of Tumult (weapon) {elec, rElec Will+}
   (You acquired it on level 8 of the Dungeon)

   rElec:     It insulates you from electricity.
   Will+:     It increases your willpower.
 K - a +0 arbalest
 L - the +4 trident of the Aged Planets {flame, ^Drain +Blink rElec rPois}
   (You found it on level 7 of the Dungeon)

   rElec:     It insulates you from electricity.
   rPois:     It protects you from poison +Blink: It lets you blink.
   ^Drain:    It drains your maximum health when unequipped.
 M - a +2 dagger of holy wrath
Missiles
 t - 2 throwing nets
 I - 4 datura-tipped darts
Armour
 f - a +0 helmet (worn)
 k - a +0 pair of boots (worn)
 w - +0 steam dragon scales (worn)
 y - the +2 pair of gloves "Ixoh" (worn) {Will+}
   (You found it on level 7 of the Dungeon)

   Will+:     It increases your willpower.
 N - a +1 ring mail of cold resistance
 P - a +2 kite shield
Magical Staves
 O - a staff of cold
Jewellery
 e - a +4 ring of protection (left hand)
 n - a +4 ring of protection
 s - an amulet of faith (around neck)
 G - a ring of willpower
 H - a ring of wizardry (right hand)
Talismans
 d - a blade talisman
 m - a flux talisman
Wands
 u - a wand of roots (36)
 E - a wand of flame (25)
 R - a wand of paralysis (6)
Scrolls
 b - 5 scrolls of poison
 h - 2 scrolls of butterflies
 i - a scroll of amnesia
 j - 3 scrolls of teleportation
 l - a scroll of blinking
 p - a scroll of torment
 q - a scroll of vulnerability
 x - 2 scrolls of fear
 z - a scroll of noise
 B - a scroll of revelation
 D - a scroll of fog
 Q - a scroll of immolation
 S - 2 scrolls of enchant weapon
Potions
 o - 3 potions of degeneration
 r - 2 potions of lignification
 A - a potion of might
 F - 4 potions of enlightenment
 J - a potion of haste {unknown}


   Skills:
 + Level 7.1 Fighting
 + Level 6.5 Short Blades
 + Level 6.5 Long Blades
 + Level 6.5 Axes
 + Level 6.5 Maces & Flails
 + Level 6.5 Polearms
 + Level 6.5 Staves
 + Level 8.1 Ranged Weapons
 + Level 6.5 Throwing
 + Level 6.5 Armour
 + Level 8.1 Dodging
 + Level 6.5 Stealth
 + Level 6.5 Shields
 + Level 6.5 Unarmed Combat
 + Level 7.2 Spellcasting
 + Level 5.4 Conjurations
 + Level 7.8 Hexes
 + Level 5.4 Summonings
 + Level 5.4 Necromancy
 + Level 5.4 Translocations
 + Level 5.9 Fire Magic
 + Level 5.4 Ice Magic
 + Level 5.4 Air Magic
 + Level 5.4 Earth Magic
 + Level 5.4 Alchemy
 + Level 7.2 Invocations
 + Level 6.5 Evocations
 + Level 6.0 Shapeshifting


You had 2 spell levels left.
You knew the following spells:

 Your Spells              Type           Power      Damage    Failure   Level
a - Jinxbite              Hex            46%        N/A       1%          2
b - Sigil of Binding      Hex            23%        N/A       1%          3
c - Ensorcelled Hibernat  Hex/Ice        40%        N/A       1%          2
d - Cause Fear            Hex            11%        N/A       2%          4
e - Airstrike             Air            8%         2d(2-18)  7%          4
f - Swiftness             Air            17%        N/A       1%          3
g - Passage of Golubria   Tloc           17%        N/A       7%          4

Your spell library contained the following spells:

 Spells                   Type           Power      Damage    Failure   Level
 Shock                    Conj/Air       68%        1d7       1%          1
 Blink                    Tloc           34%        N/A       1%          2
 Inner Flame              Hex/Fire       20%        N/A       1%          3
 Passwall                 Erth           17%        N/A       1%          3
 Volatile Blastmotes      Fire/Tloc      36%        2d13      1%          3
 Dimensional Bullseye     Hex/Tloc       10%        N/A       4%          4
 Fulminant Prism          Conj/Alch      8%         3d7       7%          4
 Iskenderun's Mystic Bla  Conj/Tloc      17%        2d5       7%          4
 Vhi's Electric Charge    Tloc/Air       34%        N/A       7%          4
 Tukima's Dance           Hex            Unusable   N/A       N/A         3
 Summon Mana Viper        Hex/Summ       Unusable   N/A       N/A         5
 Malign Gateway           Summ/Tloc      Unusable   N/A       N/A         7

Dungeon Overview and Level Annotations

Branches:
Dungeon (11/15)            Temple (1/1) D:4
   Lair: D:8-11         Orc: D:9-12

Altars:
Ashenzari
Cheibriados
Dithmenos
Elyvilon
Fedhas
Gozag
Hepliaklqana
Kikubaaqudgha
Makhleb
Nemelex Xobeh
Okawaru
Qazlal
Ru
Sif Muna
Trog
Uskayaw
Vehumet
Wu Jian
Xom
Yredelemnul
Zin
The Shining One

Shops:
D:8 :   D:9 *

Annotations:
D:11 Erica


Innate Abilities, Weirdness & Mutations

You have very sharp teeth.
Your uncanny sense of smell can sniff out nearby items.
Your experience applies equally to all skills.
Your muscles are strong. (Str +4, Int/Dex -1)
You are vulnerable to heat. (rF-)


Message History

The wraith barely misses you. The wraith hits you but does no damage.
Something hits you but does no damage. Something hits you.
* * * LOW HITPOINT WARNING * * *
Something burns you.
* * * LOW HITPOINT WARNING * * *
You are constricted.
* * * LOW HITPOINT WARNING * * *
Unknown command.
Okay, then.
You feel better. Something hits you but does no damage.
The wraith closely misses you. Something hits you.
* * * LOW HITPOINT WARNING * * *
Something hits you.
* * * LOW HITPOINT WARNING * * *
Something burns you.
* * * LOW HITPOINT WARNING * * *
You are constricted.
Blink to where?
Press: ? - help, Dir - move target, p - wraith You escape Erica's grasp.
An orc comes into view.
It is wielding a +1 long sword of electrocution.
Found 26 gold pieces.
As you read the scroll of blinking, it crumbles to dust.
You hear a zap.
Something tries to affect you, but you resist.
The orc moves out of view.
Okay, then.
Casting: Cause Fear (dangerous; 2% risk of failure)
Confirm with . or Enter, or press ? or * to list all spells.
You feel quick. Something hits you but does no damage.
Something barely misses you. Something closely misses you.
An orc priest comes into view. It is wielding a +0 mace.
As you read the scroll of teleportation, it crumbles to dust.
You feel strangely unstable. Something hits you but does no damage.
Something barely misses you.
The orc priest hits you but does no damage.
The two-headed ogre barely misses you.
The two-headed ogre hits you with a +0 giant club!!
You die...

....#....
.###........
..#......#.
...$#....#
#.......# ∆
#.......# .
##.....o#
..#.#...@#
........O#
......W.## ∆
........#
....~(..##
#.##.....##
# #......#
#......#
##.....#


You could see a two-headed ogre, a wraith and an orc priest.

Vanquished Creatures
  A two-headed ogre (D:9)
  A cyclops (D:11)
  4 kobold demonologists (D:10)
  A rime drake (D:10)
  A komodo dragon (D:10)
  A troll (D:10)
  A polar bear (D:10)
  2 shadows (D:10)
  A vampire (D:10)
  A wraith (D:10)
  A wyvern (D:10)
  6 yaks (D:9)
  3 steam dragons
  An acid dragon (D:9)
  2 water moccasins
  2 orc warriors
  A sky beast (D:6)
  5 ice beasts
  A black bear (D:4)
  4 wolves
  2 centaurs
  6 kobold brigands
  2 phantoms
  4 bullfrogs
  4 scorpions
  5 wights (D:9)
  13 killer bees
  2 howler monkeys (D:8)
  8 jellies
  4 orc priests
  4 hounds
  A sleepcap (D:6)
  3 iguanas
  Ijyb (D:5)
  5 orc wizards
  9 adders
  10 gnolls
  A shadow imp (D:7)
  2 ufetubi (D:6)
  3 ribbon worms
  25 orcs
  9 ball pythons
  16 bats
  7 endoplasms
  5 giant cockroaches
  6 goblins
  5 hobgoblins
  12 jackals
  7 quokkas
  3 frilled lizards
  31 kobolds
  5 rats
260 creatures vanquished.

Notes
Turn   | Place    | Note
-------+----------+-------------------------------------------
     0 | D:1      | Arctor the Gnoll Hexslinger began the quest for the Orb.
     0 | D:1      | Reached XP level 1. HP: 17/17 MP: 4/4
   187 | D:1      | Reached XP level 2. HP: 14/23 MP: 5/5
  1274 | D:2      | Reached XP level 3. HP: 28/28 MP: 7/7
  1294 | D:2      | Learned a level 2 spell: Jinxbite
  1298 | D:2      | Learned a level 3 spell: Sigil of Binding
  1351 | D:2      | Reached skill level 1 in Invocations
  1380 | D:2      | Reached skill level 1 in Short Blades
  1380 | D:2      | Reached skill level 1 in Long Blades
  1380 | D:2      | Reached skill level 1 in Axes
  1380 | D:2      | Reached skill level 1 in Maces & Flails
  1380 | D:2      | Reached skill level 1 in Polearms
  1380 | D:2      | Reached skill level 1 in Staves
  1380 | D:2      | Reached skill level 1 in Throwing
  1380 | D:2      | Reached skill level 1 in Armour
  1380 | D:2      | Reached skill level 1 in Stealth
  1380 | D:2      | Reached skill level 1 in Shields
  1380 | D:2      | Reached skill level 1 in Unarmed Combat
  1380 | D:2      | Reached skill level 1 in Evocations
  1396 | D:3      | Found an ornate altar of the Wu Jian Council.
  1439 | D:2      | Reached skill level 1 in Shapeshifting
  1439 | D:2      | Reached XP level 4. HP: 3/34 MP: 4/8
  1640 | D:2      | Reached skill level 1 in Conjurations
  1640 | D:2      | Reached skill level 1 in Summonings
  1640 | D:2      | Reached skill level 1 in Necromancy
  1640 | D:2      | Reached skill level 1 in Translocations
  1640 | D:2      | Reached skill level 1 in Ice Magic
  1640 | D:2      | Reached skill level 1 in Air Magic
  1640 | D:2      | Reached skill level 1 in Earth Magic
  1640 | D:2      | Reached skill level 1 in Alchemy
  1834 | D:2      | Reached XP level 5. HP: 40/40 MP: 9/9
  2145 | D:3      | Found a faded altar of an unknown god.
  2776 | D:4      | Reached XP level 6. HP: 39/47 MP: 9/11
  2907 | D:4      | Found a staircase to the Ecumenical Temple.
  2924 | D:4      | Reached skill level 5 in Ranged Weapons
  2924 | D:4      | Reached skill level 5 in Dodging
  2931 | Temple   | Entered the Ecumenical Temple
  2955 | Temple   | Became a worshipper of Warmaster Okawaru
  3005 | D:4      | Noticed a black bear
  3035 | D:4      | Killed a black bear
  3205 | D:4      | Found a broken altar of Ashenzari.
  3736 | D:4      | Learned a level 2 spell: Ensorcelled Hibernation
  3741 | D:4      | Learned a level 4 spell: Cause Fear
  3778 | D:5      | Entered Level 5 of the Dungeon
  3811 | D:5      | Reached XP level 7. HP: 46/52 MP: 7/12
  4255 | D:5      | Reached * piety under Okawaru
  4666 | D:5      | Found a radiant altar of Vehumet.
  4678 | D:5      | Noticed Ijyb
  4690 | D:5      | Killed Ijyb
  4905 | D:6      | Reached XP level 8. HP: 60/60 MP: 14/14
  5177 | D:6      | Identified 3 scrolls of acquirement
  5177 | D:6      | Acquired 1315 gold pieces
  5731 | D:6      | Reached ** piety under Okawaru
  6395 | D:6      | Found an opulent altar of Gozag.
  6573 | D:7      | Reached XP level 9. HP: 50/67 MP: 16/16
  6663 | D:7      | Reached skill level 5 in Spellcasting
  6759 | D:7      | Reached skill level 5 in Fighting
  7552 | D:7      | Found a hazy altar of Hepliaklqana.
  7614 | D:7      | Identified the +2 pair of gloves "Ixoh" {Will+}
  7621 | D:7      | Identified the +4 trident of the Aged Planets {flame,
                  | ^Drain +Blink rElec rPois}
  7642 | D:7      | Got the Octavo of the Fetching Vector
  7708 | D:7      | Found a stormy altar of Qazlal.
  7918 | D:7      | Learned a level 4 spell: Airstrike
  7922 | D:7      | Learned a level 3 spell: Swiftness
  8823 | D:8      | Got the Enchiridion on Location
  8875 | D:8      | Found Icyowu's Tremendous Tomes.
  8890 | D:8      | Acquired 725 gold pieces
  8892 | D:8      | Acquired the +4 longbow of Tumult {elec, rElec Will+}
  8990 | D:8      | Reached skill level 5 in Invocations
  9970 | D:8      | Gained mutation: You are vulnerable to heat. (rF-) [potion
                  | of mutation]
  9970 | D:8      | Gained mutation: Your muscles are strong. (Str +4, Int/Dex
                  | -1) [potion of mutation]
 10432 | D:9      | Found a shimmering blue altar of Sif Muna.
 10473 | D:9      | Reached *** piety under Okawaru
 10489 | D:9      | Reached skill level 5 in Short Blades
 10489 | D:9      | Reached skill level 5 in Long Blades
 10489 | D:9      | Reached skill level 5 in Axes
 10489 | D:9      | Reached skill level 5 in Maces & Flails
 10489 | D:9      | Reached skill level 5 in Polearms
 10489 | D:9      | Reached skill level 5 in Staves
 10489 | D:9      | Reached skill level 5 in Throwing
 10489 | D:9      | Reached skill level 5 in Armour
 10489 | D:9      | Reached skill level 5 in Stealth
 10489 | D:9      | Reached skill level 5 in Shields
 10489 | D:9      | Reached skill level 5 in Unarmed Combat
 10489 | D:9      | Reached skill level 5 in Evocations
 10493 | D:9      | Reached XP level 10. HP: 68/76 MP: 18/18
 10666 | D:9      | Reached skill level 5 in Fire Magic
 10924 | D:9      | Found a bloodstained altar of Trog.
 10945 | D:9      | Reached skill level 5 in Shapeshifting
 11068 | D:9      | Reached **** piety under Okawaru
 11129 | D:9      | Found Eclaen Eqycs's General Store.
 11215 | D:9      | Found a hide-covered altar of Uskayaw.
 11258 | D:9      | Bought a scroll of enchant weapon for 90 gold pieces
 11311 | D:9      | Noticed a two-headed ogre
 11338 | D:9      | Killed a two-headed ogre
 11529 | D:9      | Found a burning altar of Makhleb.
 11753 | D:9      | Learned a level 4 spell: Passage of Golubria
 11805 | D:10     | Entered Level 10 of the Dungeon
 11886 | D:10     | Identified the +3 leather armour "Qulik" {*Corrode rPois
                  | Int+2}
 11951 | D:10     | Noticed a kobold demonologist
 11954 | D:10     | Noticed a kobold demonologist
 11960 | D:10     | Noticed a kobold demonologist
 11962 | D:10     | Noticed a sixfirhy
 11963 | D:10     | Killed a kobold demonologist
 11964 | D:10     | Killed a kobold demonologist
 11964 | D:10     | Reached ***** piety under Okawaru
 11965 | D:10     | Reached skill level 5 in Conjurations
 11965 | D:10     | Reached skill level 5 in Summonings
 11965 | D:10     | Reached skill level 5 in Necromancy
 11965 | D:10     | Reached skill level 5 in Translocations
 11965 | D:10     | Reached skill level 5 in Ice Magic
 11965 | D:10     | Reached skill level 5 in Air Magic
 11965 | D:10     | Reached skill level 5 in Earth Magic
 11965 | D:10     | Reached skill level 5 in Alchemy
 11965 | D:10     | Reached XP level 11. HP: 82/83 MP: 19/21
 12566 | D:11     | Noticed a cyclops
 12569 | D:11     | Killed a cyclops
 12589 | D:11     | Noticed Erica
 12918 | D:11     | Noticed a two-headed ogre
 12927 | D:11     | Mangled by a two-headed ogre

Illustrated notes

Levels and vault maps discovered:
D:1:      kilobyte_arrival_exit_the_forest, layout_basic
D:2:      layout_rooms
D:3:      layout_loops_ring, mainiacjoe_overflow_small_starburst,
          ebering_ecumenical_altar_rust
D:4:      layout_loops_corners, mainiacjoe_overflow_paths,
          minmay_temple_entry_junction_2, roderic_batcave, corexii_corridor_pit,
          grunt_decor_clamped, due_unseen_surprise
D:5:      layout_loops_ring, mainiacjoe_overflow_chevrons, chequers_garden,
          nrook_uturn, uniq_ijyb
D:6:      layout_cave_pods, nicolae_overflow_crystal_walls, serial_column_ruins,
          column_ruins_hut, column_ruins_hut, column_ruins_open_small,
          column_ruins_open_small, column_ruins_grid_1
D:7:      layout_layer_cave, nicolae_qazlal_eye_of_the_storm,
          lemuel_doored_altar
D:8:      layout_basic, nicolae_shop_i_like_big_books, nicolae_wwwww
D:9:      nicolae_cairo_tiling_large_dashed, layout_long_grid, bloody_makhleb,
          lemuel_blue_sif_altar, overflow_temple_1_default, trog_butcher_becter,
          serial_shops, shop
D:10:     layout_basic
D:11:     layout_cave_pods, hellmonk_lair_entry_icy, uniq_erica
Temple:   hellmonk_temple_forest_ring

Skill      XL: |  1  2  3  4  5  6  7  8  9 10 11 |
---------------+----------------------------------+-----
Fire Magic     | 2 3 4 5 |  5.9
Invocations    | 1 2 3 4 5 6 7 |  7.2
Short Blades   | 1 2 3 4 5 6 |  6.5
Long Blades    | 1 2 3 4 5 6 |  6.5
Axes           | 1 2 3 4 5 6 |  6.5
Maces & Flails | 1 2 3 4 5 6 |  6.5
Polearms       | 1 2 3 4 5 6 |  6.5
Staves         | 1 2 3 4 5 6 |  6.5
Throwing       | 1 2 3 4 5 6 |  6.5
Armour         | 1 2 3 4 5 6 |  6.5
Stealth        | 1 2 3 4 5 6 |  6.5
Shields        | 1 2 3 4 5 6 |  6.5
Unarmed Combat | 1 2 3 4 5 6 |  6.5
Evocations     | 1 2 3 4 5 6 |  6.5
Spellcasting   | 3 4 5 6 7 |  7.2
Shapeshifting  | 1 2 3 4 5 6 |  6.0
Conjurations   | 1 2 3 4 5 |  5.4
Summonings     | 1 2 3 4 5 |  5.4
Necromancy     | 1 2 3 4 5 |  5.4
Translocations | 1 2 3 4 5 |  5.4
Ice Magic      | 1 2 3 4 5 |  5.4
Air Magic      | 1 2 3 4 5 |  5.4
Earth Magic    | 1 2 3 4 5 |  5.4
Alchemy        | 1 2 3 4 5 |  5.4
Fighting       | 3 4 5 6 7 |  7.1
Ranged Weapons | 5 6 7 8 |  8.1
Dodging        | 5 6 7 8 |  8.1
Hexes          | 6 7 |  7.8

Action                     |  1- 3 |  4- 6 |  7- 9 | 10-12 || total
---------------------------+-------+-------+-------+-------++-------
  Melee: Unarmed           |       |       |    47 |       ||    47
         Bite              |       |       |     6 |       ||     6
         Punch             |       |       |     3 |       ||     3
   Fire: Sling             |   129 |   280 |   192 |       ||   601
         Shortbow          |       |       |   213 |       ||   213
         Orcbow            |       |       |    67 |       ||    67
         Longbow           |       |       |    62 |   195 ||   257
   Cast: Jinxbite          |     1 |     1 |     4 |       ||     6
         Sigil of Binding  |     1 |     1 |     2 |     2 ||     6
         Ensorcelled Hiber |       |       |     4 |     1 ||     5
         Airstrike         |       |       |     3 |     3 ||     6
         Swiftness         |       |       |     1 |     1 ||     2
         Cause Fear        |       |       |       |     1 ||     1
 Invoke: Heroism           |       |       |     7 |     6 ||    13
         Finesse           |       |       |       |     1 ||     1
Ability: Begin Untransform |       |       |     1 |       ||     1
    Use: Potion            |       |     2 |     6 |     1 ||     9
         Scroll            |       |       |    13 |     5 ||    18
   Stab: Sleeping          |       |       |     1 |       ||     1
 Armour: Robe              |    45 |   100 |   253 |       ||   398
         Skin              |       |       |    58 |       ||    58
         Steam dragon scal |       |       |    29 |   135 ||   164
  Dodge: Dodged            |    61 |   167 |   408 |   166 ||   802
   Form: Blade             |       |       |     1 |       ||     1
